Map: Overgrown Facility

Players

JWKe - Winner!

  • Race: Protoss Protoss
  • Spawn Location: 7:00

JagrsMullets - Winner!

  • Race: Protoss Protoss
  • Spawn Location: 9:00

A.I. 2 (Very Easy)

  • Race: Terran Terran
  • Spawn Location: 3:00

A.I. 3 (Very Easy)

  • Race: Terran Terran
  • Spawn Location: 1:00

VOD

Have the link to the VOD?

Description

Time

  • Played on: Dec. 19, 2017, 1:03 a.m.
  • Length: 4:08
Show
View Real Time Build Order
Export as new Build Order

JWKe Protoss - Winner!

Build Orders:  

Get SALT Encoding   

  12  0:03  Probe  
  13  0:20  Pylon  
  13  0:25  Probe  
  14  0:37  Assimilator, Probe  
  15  0:49  Probe  
  16  0:56  Gateway  
  16  1:01  Probe  
  17  1:13  Probe  
  17  1:17  Gateway  
  18  1:25  Probe  
  19  1:30  Forge  
  19  1:34  Assimilator  
  19  1:37  Probe  
  20  1:45  Zealot  
  22  2:12  Probe  
  23  2:41  Pylon  
  23  2:59  Zealot, Probe  
  26  3:15  Cybernetics Core  
  26  3:22  Probe  
Show
View Real Time Build Order
Export as new Build Order

JagrsMullets Protoss - Winner!

Build Orders: Cannon Rush 

Get SALT Encoding   

  12  0:01  Probe (Chrono Boost)  
  13  0:13  Probe (Chrono Boost)  
  14  0:17  Probe (Chrono Boost)  
  15  0:32  Pylon  
  15  0:36  Assimilator  
  15  0:50  Probe  
  15  0:55  Pylon  
  16  1:00  Forge  
  16  1:02  Probe (Chrono Boost)  
  17  1:08  Pylon  
  17  1:14  Probe (Chrono Boost)  
  18  1:34  Photon Cannon  
  18  1:37  Photon Cannon  
  18  1:45  Photon Cannon  
  18  2:03  Photon Cannon  
  18  2:07  Photon Cannon  
  18  2:42  Pylon  
  17  2:47  Pylon  
  17  2:52  Pylon  
  17  3:01  Photon Cannon  
  17  3:05  Photon Cannon  
  17  3:10  Photon Cannon  
  17  3:13  Photon Cannon  
  17  3:16  Photon Cannon  
  17  3:25  Photon Cannon  
  17  3:34  Photon Cannon  
  17  3:42  Pylon  
  17  3:51  Photon Cannon  
Show
View Real Time Build Order
Export as new Build Order

A.I. 2 (Very Easy) Terran 

Build Orders:  

Get SALT Encoding   

  12  0:01  SCV  
  13  0:13  SCV  
  14  0:20  Supply Depot  
  14  0:37  Refinery  
  14  0:46  Barracks  
  14  1:03  Supply Depot  
  14  1:12  Refinery  
  14  1:34  Marine, Orbital Command  
  15  1:53  Barracks Tech Lab  
  15  1:59  SCV  
  16  2:11  SCV  
  17  2:20  Marine  
  18  2:23  SCV  
  19  2:35  SCV  
  20  2:47  SCV  
  21  2:59  SCV  
  22  3:06  Marauder  
  24  3:43  Marine  
  24  3:44  SCV  
  24  3:46  Supply Depot  
Show
View Real Time Build Order
Export as new Build Order

A.I. 3 (Very Easy) Terran 

Build Orders:  

Get SALT Encoding   

  12  0:01  SCV  
  13  0:13  SCV  
  14  0:19  Supply Depot  
  14  0:38  Refinery  
  14  0:44  Barracks  
  14  1:04  Supply Depot  
  14  1:24  Refinery  
  14  1:30  Marine  
  14  1:31  Orbital Command  
  15  1:49  Barracks Tech Lab  
  15  1:58  SCV  
  16  2:08  Marine  
  16  2:10  SCV  
  13  2:22  SCV  
  6  2:34  SCV  
  7  2:46  SCV  
  8  2:58  SCV  
  9  3:10  SCV  
Tags
 
Add a new tag
Caveats
  • Supply blocks, unpowered buildings, or Contaminate may cause inaccurate times.
  • Supply counts are checked every 10 seconds.